 Dungeon Crawl Stone Soup version 0.21-a0-529-g8c7b3f5 (webtiles) character file.

644 slep the Chopper (level 7, 0/60 HPs)
             Began as a Minotaur Gladiator on Dec 11, 2017.
             Slain by an orc warrior
             ... wielding a +0 trident
              (5 damage)
             ... on level 5 of the Dungeon.
             The game lasted 00:11:32 (2817 turns).

slep the Chopper (Minotaur Gladiator)               Turns: 2817, Time: 00:11:33

Health: 0/60       AC: 10    Str: 19    XL:     7   Next: 26%
Magic:  6/6        EV: 12    Int:  5    God:
Gold:   217        SH:  0    Dex: 13    Spells: 6/6 levels left

rFire    . . .     SeeInvis .   a - +0 war axe
rCold    + . .     Gourm    .   (no shield)
rNeg     . . .     Faith    .   h - +3 scale mail {rC+}
rPois    .         Spirit   .   c - +0 hat
rElec    .         Reflect  .   (no cloak)
rCorr    .         Harm     .   (no gloves)
MR       .....                  (no boots)
Stlth    ..........             (no amulet)
HPRegen  0.20/turn              (no ring)
MPRegen  0.10/turn              (no ring)

@: no status effects
A: retaliatory headbutt, horns 2
a: no special abilities


You were on level 5 of the Dungeon.
You were not hungry.

You visited 1 branch of the dungeon, and saw 5 of its levels.

You collected 217 gold pieces.

Inventory:

Hand Weapons
 a - a +0 war axe (weapon)
 j - a +0 club
Missiles
 d - 4 throwing nets (quivered)
 t - 7 curare-tipped needles
Armour
 b - a +0 leather armour
 c - a +0 hat (worn)
 h - a +3 scale mail of cold resistance (worn)
Scrolls
 e - 6 scrolls of identify {unknown}
 g - 3 scrolls of teleportation {unknown}
 i - 2 scrolls of remove curse {unknown}
 q - 2 scrolls of random uselessness {unknown}
Potions
 l - a potion of invisibility
 m - 3 potions of lignification {unknown}
 o - 2 potions of resistance {unknown}
 p - 2 potions of heal wounds {unknown}
 r - a potion of brilliance {unknown}
 v - a potion of might {unknown}
 w - a potion of berserk rage {unknown}
Books
 u - a book of Misfortune

   Spells                             Type                      Level
   a - Confusing Touch                Hexes                        1
   b - Confuse                        Hexes                        3
   c - Gell's Gravitas                Translocation                3
   d - Petrify                        Transmutation/Earth          4
   e - Metabolic Englaciation         Hexes/Ice                    5
   f - Yara's Violent Unravelling     Hexes/Transmutation          5
Comestibles
 f - 6 bread rations
 k - a meat ration
 n - a royal jelly
 s - 4 fruits


   Skills:
 + Level 4.3 Fighting
 + Level 7.4 Axes
 + Level 2.2 Throwing
 + Level 4.3 Armour
 + Level 4.4 Dodging


You had 6 spell levels left.
You didn't know any spells.

Dungeon Overview and Level Annotations

Branches:
Dungeon (5/15)
 Temple: D:4-7

Altars:
Makhleb

Annotations:
D:4 Eustachio


Innate Abilities, Weirdness & Mutations

You reflexively headbutt those who attack you in melee.
You have a pair of horns on your head.


Message History

The howler monkey hits you but does no damage.
There is an open door here.
You slash the howler monkey!
The howler monkey is heavily wounded.
The howler monkey barely misses you.
The howler monkey hits you but does no damage.
You slash the howler monkey!
You kill the howler monkey!
Something hits you! Something hits you!
You hit something. You headbutt something. The orc wizard casts a spell at you.
The magic dart hits something.
Something hits you!
The orc wizard gestures wildly while chanting.
The orc wizard blinks!
You closely miss something. You headbutt something. Something hits you!
* * * LOW HITPOINT WARNING * * *
Your scale mail prevents you from hitting something.
You headbutt something. Something hits you.
You die...

#.###########.#######
#.#.........#.......#
#.#.#######.#######.# #.#.#
#...)......# #.#.#
#..#########
#########.#.######..........
............................
....####...#####.#.#########
. #...o{@...#.#
#...####..#.# #...# ######
#...# .....# .......
.....o.# ...o...#


You could see an orc priest.

Vanquished Creatures
  An ice beast (D:5)
  A scorpion (D:5)
  A howler monkey (D:5)
  2 hounds
  A jelly (D:5)
  An orc priest (D:3)
  Terence (D:2)
  An iguana (D:4)
  A worker ant (D:4)
  12 gnolls
  6 adders
  An ooze (D:5)
  5 worms
  A leopard gecko (D:2)
  7 orcs
  6 giant cockroaches
  8 hobgoblins
  5 jackals
  A quokka (D:4)
  2 ball pythons
  8 bats
  5 frilled lizards
  10 goblins
  3 kobolds
  A quokka skeleton (D:4)
  7 rats
98 creatures vanquished.

Notes
Turn   | Place    | Note
-------+----------+-------------------------------------------
     0 | D:1      | slep the Minotaur Gladiator began the quest for the Orb.
     0 | D:1      | Reached XP level 1. HP: 18/18 MP: 0/0
   249 | D:1      | Reached XP level 2. HP: 25/25 MP: 1/1
   668 | D:1      | Reached skill level 4 in Axes
   781 | D:2      | Noticed Terence
   797 | D:2      | Killed Terence
   797 | D:2      | Reached XP level 3. HP: 13/30 MP: 2/2
   871 | D:2      | Reached skill level 1 in Armour
   874 | D:2      | Reached XP level 4. HP: 16/37 MP: 3/3
   899 | D:2      | Reached skill level 5 in Axes
  1281 | D:3      | Reached XP level 5. HP: 19/45 MP: 4/4
  1734 | D:3      | Found a burning altar of Makhleb.
  1742 | D:3      | Reached skill level 6 in Axes
  1742 | D:3      | Reached XP level 6. HP: 18/52 MP: 5/5
  2027 | D:4      | Noticed Eustachio
  2038 | D:5      | Entered Level 5 of the Dungeon
  2111 | D:5      | Noticed a sky beast
  2118 | D:4      | Reached skill level 7 in Axes
  2734 | D:4      | Reached XP level 7. HP: 59/59 MP: 6/6
  2817 | D:5      | Slain by an orc warrior

Vault maps used:
D:1:      dpeg_arrival_boxorama, minmay_misc_feat_tower
D:2:      minmay_hexomino_c4, uniq_terence
D:3:      first_bread, makhleb_blood_cavern_becter
D:4:      uniq_eustachio
D:5:      serial_shops, nicolae_shop_crystal, hangedman_minor_gate_pass,
          uniq_menkaure

Skill      XL: |  1  2  3  4  5  6 |
---------------+-------------------+-----
Axes           | 4 5 6 7 |  7.4
Dodging        | 4 |  4.4
Armour         | 1 3 4 |  4.3
Fighting       | 3 4 |  4.3
Throwing       | |  2.2

Action                   |  1- 3 |  4- 6 |  7- 9 || total
-------------------------+-------+-------+-------++-------
Melee: War axe           |    61 |   154 |    12 ||   227
       Headbutt          |     9 |    32 |     5 ||    46
Throw: Throwing net      |     1 |       |       ||     1
  Eat: Chunk             |       |     5 |     1 ||     6
Armor: Leather armour    |     8 |       |       ||     8
       Scale mail        |     8 |    64 |     5 ||    77
Dodge: Dodged            |    41 |    91 |     5 ||   137

Table legend:
 A = Spawn XP
 B = Non-spawn XP
 C = Spawn XP percentage of total XP
 D = Spawn monster count
 E = Non-spawn monster count
 F = Spawn count percentage of total count
 G = Total turns spent on level
                    A         B        C        D         E        F      G
               +---------+---------+-------+---------+---------+-------+---------
         Total |       0 |     920 |   0.0 |       0 |      98 |   0.0 |  2817
               +---------+---------+-------+---------+---------+-------+---------
           D:1 |       0 |      19 |   0.0 |       0 |      13 |   0.0 |   715
           D:2 |       0 |     138 |   0.0 |       0 |      34 |   0.0 |   524
           D:3 |       0 |     261 |   0.0 |       0 |      29 |   0.0 |   621
           D:4 |       0 |     126 |   0.0 |       0 |      10 |   0.0 |   809
           D:5 |       0 |     376 |   0.0 |       0 |      12 |   0.0 |   148
               +---------+---------+-------+---------+---------+-------+---------
